 Dungeon Crawl Stone Soup version 0.25.1-8-g42b30a86e7 (webtiles) character file.

Game seed: 17698550649496214981

162 Clowwww the Skirmisher (level 5, 0/42 HPs)
             Began as a Demonspawn Fighter on Dec 23, 2020.
             Succumbed to an adder's poison
             ... on level 2 of the Dungeon.
             The game lasted 00:01:59 (1154 turns).

Clowwww the Skirmisher (Demonspawn Fighter)         Turns: 1154, Time: 00:02:00

Health: 0/42       AC:  6    Str: 17    XL:     5   Next: 19%
Magic:  2/5        EV:  7    Int:  9    God:
Gold:   70         SH:  9    Dex: 13    Spells: 4/4 levels left

rFire    . . .     SeeInvis .   a - +0 war axe
rCold    . . .     Gourm    .   c - +0 kite shield
rNeg     . . .     Faith    .   b - +0 scale mail
rPois    .         Spirit   +   (no helmet)
rElec    .         Reflect  .   (no cloak)
rCorr    .         Harm     .   (no gloves)
MR       .....                  (no boots)
Stlth    ..........             (no amulet)
HPRegen  0.14/turn              (no ring)
MPRegen  0.09/turn              (no ring)

@: lethally poisoned (0 -> -6)
A: talons 2, magic shield
a: no special abilities


You were on level 2 of the Dungeon.
You were not hungry.

You visited 1 branch of the dungeon, and saw 4 of its levels.

You collected 70 gold pieces.

Inventory:

Hand Weapons
 a - a +0 war axe (weapon)
Armour
 b - a +0 scale mail (worn)
 c - a +0 kite shield (worn)
Jewellery
 o - an uncursed amulet of guardian spirit
Scrolls
 g - a scroll of magic mapping {unknown}
 i - a scroll of fog {unknown}
 j - a scroll of enchant weapon {unknown}
 p - a scroll of blinking {unknown}
Potions
 d - a potion of might
 e - 2 potions of heal wounds {unknown}
 h - 2 potions of lignification {unknown}
 k - a potion of haste {unknown}
 l - a potion of curing {unknown}
 m - a potion of resistance {unknown}
 n - a potion of magic {unknown}
Comestibles
 f - 4 rations


   Skills:
 + Level 3.7 Fighting
 + Level 3.1 Axes
 + Level 3.5 Armour
 + Level 0.8 Dodging
 + Level 3.2 Shields


You had 4 spell levels left.
You didn't know any spells.
Your spell library was empty.

Dungeon Overview and Level Annotations

Branches:
Dungeon (4/15)
 Temple: D:4-7

Altars:
Makhleb


Innate Abilities, Weirdness & Mutations

You have razor-sharp toenails.
When hurt, damage is shared between your health and your magic reserves.


Message History

You feel sick. The adder bites you but does no damage.
You block the adder's attack.
You closely miss the adder.
The adder is almost dead.
* * * LOW HITPOINT WARNING * * *
You feel sick. The adder barely misses you. x2
You closely miss the adder.
The adder is almost dead.
* * * LOW HITPOINT WARNING * * *
You feel sick. The adder barely misses you.
The adder bites you but does no damage.
You closely miss the adder.
The adder is almost dead.
* * * LOW HITPOINT WARNING * * *
You feel sick. The adder bites you.
* * * LOW HITPOINT WARNING * * *
The adder barely misses you.
You slash the adder!
You kill the adder!
You die...

...8 ... .
####... ..
.....
...###...###
#..........
#........#
.......>.#
..#####@.#
#........#
#..###.....
#...###
#...# #....
#...# #....


There were no monsters in sight!

Vanquished Creatures
  An ogre (D:4)
  Terence (D:3)
  3 adders (D:2)
  2 bats (D:1)
  6 goblins
  A hobgoblin (D:1)
  2 jackals (D:3)
  A quokka (D:2)
  A frilled lizard (D:1)
  5 kobolds
  4 rats
27 creatures vanquished.

Notes
Turn   | Place    | Note
-------+----------+-------------------------------------------
     0 | D:1      | Clowwww the Demonspawn Fighter began the quest for the Orb.
     0 | D:1      | Reached XP level 1. HP: 18/18 MP: 1/1
   254 | D:1      | Gained mutation: You have sharp toenails. [demonic
                  | ancestry]
   254 | D:1      | Reached XP level 2. HP: 20/24 MP: 2/2
   568 | D:1      | Found a burning altar of Makhleb.
   626 | D:2      | Gained mutation: You have razor-sharp toenails. [demonic
                  | ancestry]
   626 | D:2      | Reached XP level 3. HP: 9/29 MP: 1/3
   650 | D:2      | HP: 1/29 [poisoned by an adder]
   971 | D:2      | You fall into a shaft and drop 2 floors!
   984 | D:4      | Noticed an ogre
   993 | D:4      | Killed an ogre
   993 | D:4      | Reached XP level 4. HP: 37/37 MP: 2/4
  1123 | D:3      | Noticed Terence
  1137 | D:3      | Killed Terence
  1137 | D:3      | Gained mutation: When hurt, damage is shared between your
                  | health and your magic reserves. [demonic ancestry]
  1137 | D:3      | Reached XP level 5. HP: 24/42 MP: 3/5
  1152 | D:2      | HP: 2/42 [poisoned by an adder]
  1154 | D:2      | Succumbed to an adder's poison

Illustrated notes

Levels and vault maps discovered:
D:1:      dpeg_arrival_water_altar, layout_rooms, feat_on_display
D:2:      layout_basic, wad_floor_pattern_untrapped, minmay_bisected
D:3:      layout_loops_ring, minmay_starry_boxes, uniq_sigmund, uniq_terence
D:4:      layout_loops_ring, gammafunk_temple_overflow_statue,
          lemuel_temple_firewalk_b, uniq_robin, uniq_menkaure, uniq_purgy

Skill      XL: |  1  2  3  4 |
---------------+-------------+-----
Axes           | 2 3 |  3.1
Armour         | 3 |  3.5
Shields        | 3 |  3.2
Fighting       | |  3.7
Dodging        | |  0.8

Action                   |  1- 3 |  4- 6 || total
-------------------------+-------+-------++-------
Melee: War axe           |    64 |    33 ||    97
       Kick              |    10 |     5 ||    15
  Use: Potion            |     1 |       ||     1
  Eat: Chunk             |       |     1 ||     1
Armor: Scale mail        |    28 |    10 ||    38
Dodge: Dodged            |    20 |    12 ||    32
Block: Kite shield       |    35 |    12 ||    47
